 Dungeon Crawl Stone Soup version 0.30.1-9-gdf580d7c3d (webtiles) character file.

Game seed: 9104269900585672171

87 Woods the Ruffian (level 4, -1/36 HPs)
             Began as a Draconian Transmuter on Oct 18, 2023.
             Slain by Grinder (4 damage)
             ... on level 3 of the Dungeon.
             The game lasted 00:04:46 (1853 turns).

Woods the Ruffian (Draconian Transmuter)            Turns: 1853, Time: 00:04:47

Health: -1/36      AC:  2    Str: 15    XL:     4   Next: 28%
Magic:  4/7        EV: 19    Int: 13    God:
Gold:   57         SH:  0    Dex: 16    Spells: 2/8 levels left

rFire   . .          .
                       - Unarmed
rCold   . . .        (shield currently unavailable)
rNeg    . . .        (body armour unavailable)
rPois   x            (helmet currently unavailable)
rElec   .            (cloak currently unavailable)
rCorr   .            (gloves currently unavailable)
SInv    .            (boots currently unavailable)
Will    .....        (no amulet)
Stlth   +            (no ring)
HPRegen 0.26/turn    (no ring)
MPRegen 0.10/turn

%: no passive effects
@: spider-form (expiring)
A: venomous fangs, AC +5, tiny, unfitting armour, (cold-blooded)
a: End Transformation


You were on level 3 of the Dungeon.
You were a venomous arachnid creature.
You visited 1 branch of the dungeon, and saw 3 of its levels.

You collected 57 gold pieces.

Inventory:

Jewellery
 m - a ring of resist corrosion
Scrolls
 f - 2 scrolls of magic mapping {unknown}
 g - a scroll of enchant weapon {unknown}
 h - a scroll of immolation {unknown}
 i - a scroll of identify {unknown}
 l - a scroll of teleportation {unknown}
Potions
 a - 2 potions of lignification
 b - 4 potions of haste {unknown}
 c - a potion of flight {unknown}
 d - a potion of magic {unknown}
 e - a potion of invisibility {unknown}
 j - a potion of degeneration {unknown}
 k - a potion of curing {unknown}


   Skills:
 + Level 2.1 Fighting
 + Level 2.3 Dodging
 + Level 3.5 Unarmed Combat
 + Level 2.5 Spellcasting
 + Level 2.6 Transmutations


You had 2 spell levels left.
You knew the following spells:

 Your Spells              Type           Power      Damage    Failure   Level
a - Beastly Appendage     Tmut           16%        N/A       22%         1
b - Wereblood             Tmut           8%         N/A       28%         2
c - Spider Form           Tmut/Pois      5%         N/A       61%         3

Your spell library contained the following spells:

 Spells                   Type           Power      Damage    Failure   Level
 Ice Form                 Ice/Tmut       5%         N/A       92%         4


Dungeon Overview and Level Annotations

Branches:
Dungeon (3/15)

Altars:
Qazlal
Sif Muna
Trog
Wu Jian

Annotations:
D:3 Grinder, Natasha


Innate Abilities, Weirdness & Mutations

You are a venomous arachnid creature.
You have venomous fangs.
You are tiny and dextrous.
Your spellcasting is less reliable in this form.
Your armour is entirely melded.
You are incapable of wielding weapons or throwing items.
((Your plain brown scales are hard. (AC +5)))
You cannot fit into any form of body armour.
((You are cold-blooded and may be slowed by cold attacks.))


Message History

Found an escape hatch in the ceiling.
There is an escape hatch in the ceiling here.
Grinder and a frilled lizard come into view.
Grinder shouts!
The frilled lizard hisses angrily.
There are monsters nearby!
There are monsters nearby!
There are monsters nearby!
Unknown command.
Unknown command.
Unknown command.
Casting: Beastly Appendage (safe; 9% risk of failure)
Confirm with . or Enter, or press ? or * to list all spells.
The spell is quite dangerous to miscast (38% risk of failure)!
Continue anyway?
You turn into a venomous arachnid creature.
You barely miss Grinder.
Grinder blinks!
Grinder gestures at you. Pain shoots through your body!
Unknown command.
Your transformation is almost over.
Grinder hits you.
You writhe in agony.
You hit Grinder.
Grinder is poisoned.
Grinder is lightly wounded.
Grinder gestures at you. Pain shoots through your body!
You hit Grinder.
Grinder looks as sick as possible!
Grinder is moderately wounded.
Grinder misses you.
You hit Grinder but do no damage.
Grinder looks as sick as possible!
Grinder is moderately wounded.
Grinder gestures at you. Pain shoots through your body!
* * * LOW HITPOINT WARNING * * *
The frilled lizard barely misses you.
Unknown command.
You bite Grinder!
Grinder is heavily wounded.
The frilled lizard closely misses you. Grinder hits you.
* * * LOW HITPOINT WARNING * * *
You writhe in agony.
You die...

....##.... ## #...#... ##
.########...... ..#
..............##...#
###...######....5..#
###...#####.#######
###...##........#
###..#...l....# ##..<...s...#
############.....5..#
##.#.....###........#
.#........###########
.#.........# ##.........##
............# #############
......>.....#####...........#
.......................(....#


You could see Grinder (extremely poisoned) and a frilled lizard.

Vanquished Creatures
  Robin (D:3)
  An adder (D:2)
  2 worms
  2 dart slugs
  2 ball pythons
  3 endoplasms
  4 giant cockroaches
  10 goblins
  4 hobgoblins (D:3)
  3 jackals (D:2)
  4 quokkas
  5 bats
  11 frilled lizards (D:2)
  A kobold (D:3)
  2 rats
55 creatures vanquished.

Notes
Turn   | Place    | Note
-------+----------+-------------------------------------------
     0 | D:1      | Woods the Draconian Transmuter began the quest for the Orb.
     0 | D:1      | Reached XP level 1. HP: 16/16 MP: 3/3
   159 | D:1      | Reached XP level 2. HP: 23/23 MP: 3/5
   622 | D:2      | Found a faded altar of an unknown god.
   977 | D:2      | Reached XP level 3. HP: 29/29 MP: 6/6
  1325 | D:3      | Found a faded altar of an unknown god.
  1329 | D:3      | Found an ornate altar of the Wu Jian Council.
  1329 | D:3      | Noticed Natasha
  1433 | D:3      | Found a shimmering blue altar of Sif Muna.
  1472 | D:3      | Found a stormy altar of Qazlal.
  1638 | D:3      | Noticed Robin
  1698 | D:2      | Learned a level 2 spell: Wereblood
  1702 | D:2      | Learned a level 3 spell: Spider Form
  1714 | D:3      | Reached XP level 4. HP: 36/36 MP: 4/7
  1727 | D:3      | Killed Robin
  1819 | D:3      | Found a bloodstained altar of Trog.
  1843 | D:3      | Noticed Grinder
  1853 | D:3      | Slain by Grinder

Illustrated notes

Levels and vault maps discovered:
D:1:      giann_forest_graveyard, layout_rooms
D:2:      layout_basic, shapermc_ecumenical_altar_starsandcircs,
          chequers_hall_statues_wall_a, minmay_lizard_pond
D:3:      layout_rooms, cheibriados_altar_1, nicolae_overflow_ecumenical_swirl,
          nicolae_qazlal_general_emergency, mainiacjoe_overflow_alcove_1,
          mainiacjoe_overflow_boulevard, led_sif_book, uniq_natasha,
          uniq_grinder, uniq_jessica, uniq_robin

Skill      XL: |  1  2  3 |
---------------+----------+-----
Dodging        | 2 |  2.3
Fighting       | 2 |  2.1
Unarmed Combat | |  3.5
Spellcasting   | |  2.5
Transmutations | |  2.6

Action                     |  1- 3 |  4- 6 || total
---------------------------+-------+-------++-------
  Melee: Unarmed           |   135 |    22 ||   157
         Kick              |    20 |     1 ||    21
         Headbutt          |    12 |       ||    12
         Tailslap          |    12 |       ||    12
         Punch             |     5 |       ||     5
   Cast: Beastly Appendage |    29 |     1 ||    30
         Wereblood         |     1 |       ||     1
         Spider Form       |       |     1 ||     1
 Armour: Skin              |    40 |     3 ||    43
  Dodge: Dodged            |    88 |    14 ||   102
